 Dungeon Crawl Stone Soup version 0.30.0-20-g3615ddf2f0 (webtiles) character file.

Game seed: 6262654970387186061

157210 qw the Severer (level 17, -15/112 HPs)
             Began as a Gargoyle Fighter on June 1, 2023.
             Was an Elder of Okawaru.
             Killed from afar by a will-o-the-wisp (48 damage)
             ... with a foxfire
             ... on level 3 of the Swamp.
             The game lasted 00:15:20 (28094 turns).

qw the Severer (Gargoyle Fighter)                  Turns: 28094, Time: 00:15:20

Health: -15/112    AC: 46    Str: 29    XL:     17   Next: 69%
Magic:  22/24      EV: 17    Int: 11    God:    Okawaru [****..]
Gold:   731        SH: 19    Dex:  9    Spells: 16/16 levels left

rFire   x x .        w - +4 broad axe of Wiowynuf {pain, Fly rElec rF- rC+++}
rCold   + + +        J - +0 tower shield
rNeg    + . .        H - +8 chain mail of Pragmatism {rPois rF- Regen+ Slay+2}
rPois   inf          q - +2 hat
rElec   +            m - +0 cloak
rCorr   .            r - +2 pair of gloves {Str+3}
SInv    +            G - +2 pair of boots {Stlth+}
Will    +....        F - amulet of faith
Stlth   +            K - ring of see invisible
HPRegen 1.18/turn    z - +5 ring of evasion
MPRegen 0.19/turn

%: faith
@: heroic, flying
A: sickness immunity, AC +12, big wings, negative energy resistance 1,
electricity resistance, torment resistance 1, petrification resistance, horns 1,
wild magic 1, MP-powered wands
a: Renounce Religion, Heroism, Finesse


You were on level 3 of the Swamp.
You worshipped Okawaru.
Okawaru was greatly pleased with you.
You visited 6 branches of the dungeon, and saw 29 of its levels.
You also visited: Sewer.

You collected 4934 gold pieces.
You spent 4203 gold pieces at shops.


Innate Abilities, Weirdness & Mutations

You are immune to sickness and miasma.
Your stone body is resilient. (AC +12)
You are immune to poison.
Your large and strong wings let you fly.
You resist negative energy. (rN+)
You are resistant to electric shocks. (rElec)
You are resistant to unholy torment.
You are immune to petrification.
You have a pair of small horns on your head.
Your spells are a little harder to cast, but a little more powerful.
You expend magic power (3 MP) to strengthen your wands.


   Skills:
 - Level 14.4(19.4) Fighting
 - Level 18.0(23.0) Axes
 - Level 8.0(13.0) Throwing
 - Level 12.0(17.0) Armour
 - Level 6.1(11.1) Dodging
 + Level 14.0(19.0) Shields
 - Level 10.0 Invocations


You had 16 spell levels left.
You didn't know any spells.
Your spell library was empty.

Inventory:

Hand Weapons
 g - a +2 hand axe of flaming
 s - a +4 spectral war axe
 w - the +4 broad axe of Wiowynuf (weapon) {pain, Fly rElec rF- rC+++}
   (You acquired it on level 1 of the Lair of Beasts)

   rF:        It makes you vulnerable to fire.
   rC:        It renders you almost immune to cold.
   rElec:     It insulates you from electricity.
   Fly:       It grants you flight.
Missiles
 u - 3 javelins (quivered)
 E - 4 silver boomerangs
 I - 10 boomerangs
Armour
 c - the +0 hat of Joxze {rElec rC+ rN+ Int-5}
   (Okawaru gifted it to you on level 2 of the Snake Pit)

   Int:       It affects your intelligence (-5).
   rC:        It protects you from cold.
   rElec:     It insulates you from electricity.
   rN:        It protects you from negative energy.
 m - a +0 cloak (worn)
 q - a +2 hat (worn)
 r - a +2 pair of gloves of strength (worn)
 C - the +5 plate armour of Hekkydyteu {+Blink Dex+4}
   (You acquired it on level 2 of the Lair of Beasts)

   Dex:       It affects your dexterity (+4).
   +Blink:    It lets you blink.
 G - a +2 pair of boots of stealth (worn)
 H - the +8 chain mail of Pragmatism (worn) {rPois rF- Regen+ Slay+2}
   (You bought it in a shop on level 1 of the Orcish Mines)

   Slay:      It affects your accuracy & damage with ranged weapons and melee
   (+2).
   rF:        It makes you vulnerable to fire.
   rPois:     It protects you from poison.
   Regen:     It increases your rate of health regeneration.
 J - a +0 tower shield (worn)
 N - a scarf of resistance
Jewellery
 a - an amulet of reflection
 l - a ring of protection from fire
 y - a ring of protection from fire
 z - a +5 ring of evasion (right hand)
 A - a +4 ring of slaying {mikee}
 F - an amulet of faith (around neck)
 K - a ring of see invisible (left hand)
 L - a ring of resist corrosion
Wands
 f - a wand of digging (15)
Scrolls
 k - 22 scrolls of identify
 t - 14 scrolls of teleportation
 v - a scroll of brand weapon
 D - 2 scrolls of enchant weapon
Potions
 b - 4 potions of lignification
 d - 6 potions of might
 e - 6 potions of heal wounds
 h - 14 potions of curing
 i - a potion of attraction
 j - 9 potions of haste
 n - a potion of resistance
 o - 2 potions of cancellation
 p - 9 potions of mutation
 x - 3 potions of magic

Dungeon Overview and Level Annotations

Branches:
Dungeon (15/15)            Temple (1/1) D:4            Lair (5/5) D:10
  Swamp (3/4) Lair:2        Snake (3/4) Lair:2        Slime (0/5) Lair:4
    Orc (2/2) D:11            Elf (0/3) Orc:2        Vaults (0/5) D:13
 Depths (0/4) D:15          Sewer (visited)

Altars:
Ashenzari
Cheibriados
Dithmenos
Elyvilon
Fedhas
Gozag
Hepliaklqana
Kikubaaqudgha
Makhleb
Nemelex Xobeh
Okawaru
Qazlal
Ru
Sif Muna
Trog
Uskayaw
Vehumet
Wu Jian
Xom
Yredelemnul
Zin
The Shining One

Shops:
D:5 *   D:12 *   Orc:1 [   Orc:2 **[*   Snake:2 *[[   Snake:3 =

Portals:
Trove: D:10 (give 7 scrolls of blinking)

Annotations:
D:12 6 transporters


Message History

You start resting.
HP restored.
Found a scroll of fog.
Enter note: A will-o-the-wisp comes into view.
The will-o-the-wisp gives a chilling moan.
The will-o-the-wisp moves out of view.
Enter note:
Enter note:
Enter note:
Enter note: You throw a javelin.
The javelin barely misses the will-o-the-wisp.
You hear a splash.
The will-o-the-wisp gestures.
The will-o-the-wisp conjures some foxfire! 2 foxfires come into view.
You throw a javelin.
The javelin pierces through the will-o-the-wisp.
The will-o-the-wisp is lightly damaged.
The javelin barely misses the foxfire.
You hear a splash.
The foxfire hits you!!! The fire burns you terribly! The foxfire hits you!!!
The fire burns you terribly!
The will-o-the-wisp gestures.
The will-o-the-wisp conjures some foxfire!
The foxfire moves out of view.
A foxfire comes into view.
28093 ||| INVOKING Heroism.
You gain the combat prowess of a mighty hero.
The foxfire hits you but does no damage.
The will-o-the-wisp gestures.
The will-o-the-wisp conjures some foxfire! 2 foxfires come into view.
You are too injured to fight recklessly!
The foxfire hits you. The fire burns you terribly!
The will-o-the-wisp gestures.
The will-o-the-wisp conjures some foxfire!
The foxfire hits you!!! The fire burns you terribly!
You die...

~~~.%.7 ~~~..777777 7.~
.(7 ~~~~~.~7?~77... ..77
~~..77......~7 .¤~~7
.~.777¤~~~~.~7 v¤~~7
...777~~~~¤.7 v¤.~¤~
7...77..~~~~7 7¤.~...
7~~.7.~../~777777v..7
7.~~7........7..@...7
777................77
77..~~~..~~...~...7
777~¤~...~~~~~~~~..7
77777~.777777~¤~~~~~~~.7
7¤.¤7777 .~~~~~~.~~.7
.¤¤<~..7 .~~~~~..7.~.7
^~¤~.[.~7 77~~~~..~.~~~.
~~~~~~777 7~~~~.~~.¤


You could see a will-o-the-wisp.

Vanquished Creatures
  Jorgrun (Orc:2)
  A nagaraja (Snake:2)
  A fenstrider witch (Swamp:1)
  2 stone giants
  3 eleionomae
  2 bunyips (Swamp:2)
  An ettin (D:14)
  Josephine (D:11)
  Snorg (D:11)
  11 hydras
  8 anacondas
  9 centaur warriors
  4 ogre magi
  A death knight (D:15)
  3 catoblepae
  4 boulder beetles
  2 alligators
  10 naga warriors
  5 death yaks (Lair:5)
  14 two-headed ogres
  A deep troll shaman (Lair:5)
  5 naga sharpshooters
  4 shock serpents
  Urug (D:11)
  2 salamander mystics
  10 skeletal warriors
  Lodul (D:14)
  2 goliath frogs
  4 naga ritualists
  2 deep trolls (Orc:2)
  A wizard (D:15)
  A lindwurm (Lair:5)
  2 bog bodies
  2 orc knights (Orc:1)
  4 deep elf pyromancers
  11 mana vipers
  5 ugly things
  An orc sorcerer (Orc:1)
  A wolf spider (Lair:2)
  6 manticores
  19 elephants
  22 cyclopes
  8 salamanders
  2 guardian serpents (Snake:3)
  Joseph (D:7)
  25 black mambas
  4 centaur skeletons (D:13)
  A gargoyle (D:13)
  10 naga magi
  A torpor snail (Lair:2)
  4 komodo dragons
  5 cane toads
  4 yaktaurs (D:13)
  2 rime drakes
  A tengu conjurer (D:13)
  An efreet (D:13)
  2 freezing wraiths
  3 polar bears
  A bloated husk (Swamp:1)
  11 trolls
  5 tyrant leeches
  2 hornets
  A wind drake (shapeshifter) (D:14)
  Grinder (D:5)
  Prince Ribbit (D:8)
  16 blink frogs
  A shadow (D:11)
  A spriggan (Swamp:2)
  A wyvern (Lair:2)
  A vampire (D:12)
  12 wraiths
  9 slime creatures
  4 steam dragons
  40 yaks
  Eustachio (D:6)
  Grum (Lair:1)
  5 basilisks
  4 vampire mosquitoes (Swamp:2)
  Menkaure (D:6)
  9 wargs
  17 nagas
  9 swamp worms
  5 water moccasins
  A swamp drake (Swamp:1)
  3 black bears
  18 orc warriors
  A hornet zombie (D:7)
  32 ogres
  An ice beast (D:7)
  2 sky beasts
  A boggart (D:13)
  20 centaurs
  26 wolves
  2 kobold brigands
  Blork the orc (D:6)
  6 bullfrogs
  5 scorpions
  24 wights
  14 killer bees
  6 howler monkeys
  A centaur zombie (D:7)
  A bullfrog zombie (D:7)
  4 hounds
  13 jellies
  15 orc priests
  4 gnoll boudas
  2 sleepcaps
  5 iguanas
  7 hell rats (Lair:3)
  18 orc wizards
  A killer bee zombie (D:7)
  A boggart simulacrum (D:14)
  A mummy (D:10)
  17 gnolls
  5 river rats
  11 adders
  A shadow imp (D:5)
  2 white imps (D:6)
  6 worms
  A dart slug (D:4)
  66 orcs
  2 bats
  7 endoplasms
  2 giant cockroaches
  3 goblins
  7 hobgoblins
  7 jackals
  2 quokkas (D:1)
  9 ball pythons
  10 frilled lizards
  20 kobolds
  20 rats
858 creatures vanquished.

Vanquished Creatures (others)
  A bloated husk (Swamp:1)
  An orc wizard (D:8)
  12 foxfires (Swamp:3)
  4 spectral weapons
18 creatures vanquished.

Grand Total: 876 creatures vanquished

Notes
Turn   | Place    | Note
-------+----------+-------------------------------------------
     0 | D:1      | qw the Gargoyle Fighter began the quest for the Orb.
     0 | D:1      | Reached XP level 1. HP: 14/14 MP: 1/1
     0 | D:1      | 0 ||| qw: Version: 0.2-a-102-gfc559e5
     0 | D:1      | 0 ||| qw: Game counter: 630
     0 | D:1      | 0 ||| qw: Always use a shield: true
     0 | D:1      | 0 ||| qw: God list: Okawaru
     0 | D:1      | 0 ||| qw: Allow faded altars: false
     0 | D:1      | 0 ||| qw: Do Orc after D:15 true
     0 | D:1      | 0 ||| qw: Do second Lair branch before Depths: true
     0 | D:1      | 0 ||| qw: Lair rune preference: random
     0 | D:1      | 0 ||| qw: Plans: Normal, Zot:1-4, Slime:5, God:TSO, Crypt,
                  | Tomb, Pan, Hells, Abyss, Win
     0 | D:1      | 0 ||| PLANNING D:1-11
    93 | D:1      | Reached skill level 2 in Axes
   168 | D:1      | 168 ||| Stepping ~*~*~tactically~*~*~ (hiding).
   174 | D:1      | Reached XP level 2. HP: 19/19 MP: 2/2
   706 | D:1      | 706 ||| UPGRADING to +0 helmet.
   711 | D:1      | 711 ||| READING scroll labelled HAPEOKHUOJO.
   712 | D:1      | 712 ||| READING scroll labelled KODOIS TIFASU.
   716 | D:1      | 716 ||| DRINKING 2 sedimented brown potions.
   716 | D:1      | Gained mutation: You are frail. (-10% HP) [potion of
                  | mutation]
   716 | D:1      | Gained mutation: Your spells are a little easier to cast,
                  | but a little less powerful. [potion of mutation]
   716 | D:1      | Gained mutation: Your muscles are strong. (Str +4, Int/Dex
                  | -1) [potion of mutation]
   717 | D:1      | 717 ||| DRINKING potion of mutation.
   717 | D:1      | Lost mutation: Your spells are a little easier to cast, but
                  | a little less powerful. [potion of mutation]
   717 | D:1      | Lost mutation: Your muscles are strong. (Str +4, Int/Dex
                  | -1) [potion of mutation]
   717 | D:1      | Gained mutation: Your body sometimes deteriorates upon
                  | taking damage. [potion of mutation]
   717 | D:1      | Gained mutation: You have hidden genetic potential. [potion
                  | of mutation]
   771 | D:2      | Reached skill level 3 in Axes
   811 | D:2      | You fall into a shaft and drop 1 floor!
   816 | D:3      | Reached XP level 3. HP: 20/20 MP: 3/3
   966 | D:3      | Reached skill level 1 in Throwing
   967 | D:3      | Gained mutation: You are strong-willed. (Will+) [hidden
                  | potential]
  1036 | D:3      | 1036 ||| READING scroll labelled NETISHU GOEHOUSS.
  1037 | D:3      | 1037 ||| DRINKING 3 emerald potions.
  1059 | D:2      | Found a hazy altar of Hepliaklqana.
  1297 | D:2      | 1297 ||| Stepping ~*~*~tactically~*~*~ (stealth).
  1316 | D:2      | 1316 ||| Stepping ~*~*~tactically~*~*~ (stealth).
  1320 | D:2      | 1320 ||| Stepping ~*~*~tactically~*~*~ (stealth).
  1332 | D:2      | Reached XP level 4. HP: 21/25 MP: 4/4
  1502 | D:2      | 1502 ||| Stepping ~*~*~tactically~*~*~ (stealth).
  1503 | D:2      | 1503 ||| Stepping ~*~*~tactically~*~*~ (stealth).
  1646 | D:2      | 1646 ||| DRINKING 3 bubbling amethyst potions.
  1718 | D:3      | Reached skill level 4 in Axes
  1720 | D:3      | Gained mutation: You have a pair of small horns on your
                  | head. [hidden potential]
  1720 | D:3      | Lost mutation: You have hidden genetic potential. [hidden
                  | potential expressed]
  1962 | D:3      | 1962 ||| DROPPING +0 club.
  1971 | D:3      | 1971 ||| DROPPING +0 flail.
  2226 | D:3      | 2226 ||| UPGRADING to +0 chain mail.
  2236 | D:3      | 2236 ||| DROPPING +0 scale mail.
  2237 | D:3      | 2237 ||| DROPPING +0 helmet.
  2238 | D:3      | 2238 ||| READING scroll labelled PYWATS GOMPAGH.
  2239 | D:3      | 2239 ||| READING scroll labelled MANOBA TISEUD.
  2340 | D:3      | 2340 ||| READING scroll labelled QEQACL JOCY.
  2348 | D:4      | 2348 ||| PLANNING SEWER
  2355 | D:4      | Reached XP level 5. HP: 28/28 MP: 5/5
  2368 | D:4      | Identified the +12 dagger "Demonbane" {drain, *Rage rElec
                  | Stlth+}
  2390 | D:4      | 2390 ||| Stepping ~*~*~tactically~*~*~ (stealth).
  2430 | D:4      | Found a glowing drain.
  2454 | Sewer    | Entered a sewer
  2557 | Sewer    | 2557 ||| Stepping ~*~*~tactically~*~*~ (water).
  2565 | Sewer    | Reached skill level 5 in Axes
  2660 | Sewer    | Noticed a kobold brigand
  2677 | Sewer    | Killed a kobold brigand
  2678 | Sewer    | Reached XP level 6. HP: 15/35 MP: 6/6
  2765 | Sewer    | 2765 ||| DRINKING potion of mutation.
  2765 | Sewer    | Lost mutation: Your body sometimes deteriorates upon taking
                  | damage. [potion of mutation]
  2765 | Sewer    | Lost mutation: You are strong-willed. (Will+) [potion of
                  | mutation]
  2765 | Sewer    | Lost mutation: You are frail. (-10% HP) [potion of
                  | mutation]
  2765 | Sewer    | Gained mutation: You have supernaturally acute eyesight.
                  | (SInv) [potion of mutation]
  2765 | Sewer    | Lost mutation: You have supernaturally acute eyesight.
                  | (SInv) [potion of mutation]
  2765 | Sewer    | Gained mutation: You expend magic power (3 MP) to
                  | strengthen your wands. [potion of mutation]
  2765 | Sewer    | Gained mutation: Your spells are a little harder to cast,
                  | but a little more powerful. [potion of mutation]
  2850 | Sewer    | 2850 ||| READING 2 scrolls of identify.
  2850 | Sewer    | 2850 ||| IDENTIFYING dark potion
  2996 | D:4      | 2996 ||| PLANNING D:1-11
  3014 | D:4      | 3014 ||| READING 3 scrolls of enchant weapon.
  3014 | D:4      | 3014 ||| ENCHANTING +1 war axe.
  3015 | D:4      | 3015 ||| READING 2 scrolls of enchant weapon.
  3015 | D:4      | 3015 ||| ENCHANTING +2 war axe.
  3016 | D:4      | 3016 ||| READING scroll of enchant weapon.
  3016 | D:4      | 3016 ||| ENCHANTING +3 war axe.
  3270 | D:4      | Found a staircase to the Ecumenical Temple.
  3271 | D:4      | 3271 ||| PLANNING TEMPLE
  3271 | D:4      | 3271 ||| READING 3 scrolls of identify.
  3271 | D:4      | 3271 ||| IDENTIFYING brown potion
  3272 | D:4      | 3272 ||| DROPPING potion of degeneration.
  3281 | Temple   | Entered the Ecumenical Temple
  3421 | Temple   | 3421 ||| PLANNING D:1-11
  3512 | D:4      | Reached skill level 6 in Axes
  3512 | D:4      | Reached XP level 7. HP: 39/44 MP: 7/7
  3546 | D:4      | Reached skill level 1 in Dodging
  3946 | D:4      | 3946 ||| READING scroll labelled MEUREU UCUIJ.
  3965 | D:5      | Entered Level 5 of the Dungeon
  4007 | D:5      | 4007 ||| DRINKING 3 potions of curing.
  4007 | D:5      | 4007 ||| (to cure confusion)
  4014 | D:5      | 4014 ||| DRINKING 2 potions of curing.
  4014 | D:5      | 4014 ||| (to cure confusion)
  4124 | D:5      | 4124 ||| Stepping ~*~*~tactically~*~*~ (hiding).
  4156 | D:5      | 4156 ||| Stepping ~*~*~tactically~*~*~ (stealth).
  4163 | D:5      | Found a burning altar of Makhleb.
  4170 | D:5      | Found a sparkling altar of Nemelex Xobeh.
  4240 | D:5      | Reached skill level 7 in Axes
  4405 | D:5      | Noticed Grinder
  4414 | D:5      | 4414 ||| Stepping ~*~*~tactically~*~*~ (hiding).
  4415 | D:5      | 4415 ||| Stepping ~*~*~tactically~*~*~ (hiding).
  4424 | D:5      | Killed Grinder
  4425 | D:5      | Reached XP level 8. HP: 42/51 MP: 8/8
  4516 | D:5      | Found Repauvy's Assorted Antiques.
  4519 | D:5      | 4519 ||| BUYING lumpy green potion (19 gold).
  4519 | D:5      | Bought a lumpy green potion for 19 gold pieces
  4519 | D:5      | 4519 ||| BUYING runed scale mail (154 gold).
  4519 | D:5      | Bought a runed scale mail for 154 gold pieces
  4519 | D:5      | 4519 ||| BUYING scroll of identify (44 gold).
  4519 | D:5      | Bought a scroll of identify for 44 gold pieces
  4519 | D:5      | 4519 ||| BUYING scroll of identify (44 gold).
  4519 | D:5      | Bought a scroll of identify for 44 gold pieces
  4519 | D:5      | 4519 ||| BUYING scroll of identify (44 gold).
  4519 | D:5      | Bought a scroll of identify for 44 gold pieces
  4999 | D:5      | 4999 ||| UPGRADING to +0 cloak.
  5004 | D:5      | 5004 ||| UPGRADING to +3 scale mail of cold resistance.
  5014 | D:5      | 5014 ||| READING scroll labelled RASIOBELEM.
  5015 | D:5      | 5015 ||| READING 7 scrolls of identify.
  5015 | D:5      | 5015 ||| IDENTIFYING yellow potion
  5016 | D:5      | 5016 ||| READING 6 scrolls of identify.
  5016 | D:5      | 5016 ||| IDENTIFYING sapphire potion
  5017 | D:5      | 5017 ||| READING 5 scrolls of identify.
  5017 | D:5      | 5017 ||| IDENTIFYING lumpy green potion
  5018 | D:5      | 5018 ||| DROPPING potion of flight.
  5061 | D:6      | 5061 ||| Stepping ~*~*~tactically~*~*~ (hiding).
  5062 | D:6      | 5062 ||| Stepping ~*~*~tactically~*~*~ (hiding).
  5063 | D:6      | 5063 ||| Stepping ~*~*~tactically~*~*~ (hiding).
  5064 | D:6      | 5064 ||| Stepping ~*~*~tactically~*~*~ (hiding).
  5065 | D:6      | 5065 ||| Stepping ~*~*~tactically~*~*~ (hiding).
  5067 | D:6      | 5067 ||| Stepping ~*~*~tactically~*~*~ (hiding).
  5068 | D:6      | 5068 ||| Stepping ~*~*~tactically~*~*~ (hiding).
  5069 | D:6      | 5069 ||| Stepping ~*~*~tactically~*~*~ (hiding).
  5070 | D:6      | 5070 ||| Stepping ~*~*~tactically~*~*~ (hiding).
  5071 | D:6      | 5071 ||| Stepping ~*~*~tactically~*~*~ (hiding).
  5072 | D:6      | 5072 ||| Stepping ~*~*~tactically~*~*~ (hiding).
  5073 | D:6      | 5073 ||| Stepping ~*~*~tactically~*~*~ (hiding).
  5074 | D:6      | 5074 ||| Stepping ~*~*~tactically~*~*~ (hiding).
  5075 | D:6      | 5075 ||| Stepping ~*~*~tactically~*~*~ (hiding).
  5076 | D:6      | 5076 ||| Stepping ~*~*~tactically~*~*~ (hiding).
  5077 | D:6      | 5077 ||| Stepping ~*~*~tactically~*~*~ (hiding).
  5123 | D:6      | 5123 ||| Stepping ~*~*~tactically~*~*~ (stealth).
  5126 | D:6      | 5126 ||| Stepping ~*~*~tactically~*~*~ (stealth).
  5234 | D:6      | 5234 ||| Stepping ~*~*~tactically~*~*~ (hiding).
  5236 | D:6      | 5236 ||| Stepping ~*~*~tactically~*~*~ (hiding).
  5246 | D:6      | Reached skill level 8 in Axes
  5293 | D:6      | Noticed Eustachio
  5300 | D:6      | Killed Eustachio
  5301 | D:6      | Reached skill level 6 in Fighting
  5322 | D:6      | Noticed a two-headed ogre
  5330 | D:6      | Killed a two-headed ogre
  5331 | D:6      | Reached skill level 9 in Axes
  5331 | D:6      | Reached XP level 9. HP: 56/56 MP: 9/9
  5473 | D:6      | Noticed Menkaure
  5474 | D:6      | 5474 ||| Stepping ~*~*~tactically~*~*~ (stealth).
  5490 | D:6      | Killed Menkaure
  5680 | D:6      | Noticed Blork the orc
  5686 | D:6      | Killed Blork the orc
  5696 | D:6      | Reached skill level 10 in Axes
  5859 | D:6      | 5859 ||| UPGRADING to ring of resist corrosion.
  5860 | D:6      | 5860 ||| READING scroll labelled SOMURCH BEUSYHO.
  5861 | D:6      | 5861 ||| READING 2 scrolls labelled ZUHIGU TAATET.
  5862 | D:6      | 5862 ||| READING 6 scrolls of identify.
  5862 | D:6      | 5862 ||| IDENTIFYING blue potion
  5863 | D:6      | 5863 ||| READING 5 scrolls of identify.
  5863 | D:6      | 5863 ||| IDENTIFYING puce potion
  5864 | D:6      | 5864 ||| DROPPING potion of magic.
  5865 | D:6      | 5865 ||| DROPPING potion of invisibility.
  5866 | D:6      | 5866 ||| DROPPING scroll of noise.
  5919 | D:7      | 5919 ||| FLEEEEING.
  5920 | D:7      | 5920 ||| STAIRDANCE
  5967 | D:7      | Noticed Joseph
  5968 | D:7      | 5968 ||| FLEEEEING.
  5969 | D:7      | 5969 ||| FLEEEEING.
  5975 | D:7      | 5975 ||| STAIRDANCE
  6004 | D:7      | 6004 ||| FLEEEEING.
  6005 | D:7      | 6005 ||| STAIRDANCE
  6044 | D:7      | 6044 ||| Stepping ~*~*~tactically~*~*~ (hiding).
  6058 | D:7      | Killed Joseph
  6059 | D:7      | Reached skill level 3 in Dodging
  6059 | D:7      | Reached XP level 10. HP: 44/64 MP: 10/10
  6138 | D:7      | 6138 ||| Stepping ~*~*~tactically~*~*~ (stealth).
  6200 | D:7      | 6200 ||| Stepping ~*~*~tactically~*~*~ (stealth).
  6205 | D:7      | 6205 ||| Stepping ~*~*~tactically~*~*~ (hiding).
  6206 | D:7      | 6206 ||| Stepping ~*~*~tactically~*~*~ (hiding).
  6207 | D:7      | 6207 ||| Stepping ~*~*~tactically~*~*~ (hiding).
  6216 | D:7      | 6216 ||| FLEEEEING.
  6217 | D:7      | 6217 ||| FLEEEEING.
  6286 | D:7      | 6286 ||| Stepping ~*~*~tactically~*~*~ (stealth).
  6288 | D:7      | 6288 ||| Stepping ~*~*~tactically~*~*~ (stealth).
  6289 | D:7      | 6289 ||| Stepping ~*~*~tactically~*~*~ (stealth).
  6292 | D:7      | 6292 ||| Stepping ~*~*~tactically~*~*~ (hiding).
  6473 | D:7      | 6473 ||| Stepping ~*~*~tactically~*~*~ (stealth).
  6474 | D:7      | 6474 ||| Stepping ~*~*~tactically~*~*~ (stealth).
  6535 | D:7      | 6535 ||| Stepping ~*~*~tactically~*~*~ (hiding).
  6536 | D:7      | 6536 ||| Stepping ~*~*~tactically~*~*~ (hiding).
  6541 | D:7      | 6541 ||| Stepping ~*~*~tactically~*~*~ (hiding).
  6547 | D:7      | 6547 ||| FLEEEEING.
  6557 | D:7      | 6557 ||| Stepping ~*~*~tactically~*~*~ (stealth).
  6558 | D:7      | 6558 ||| Stepping ~*~*~tactically~*~*~ (stealth).
  6559 | D:7      | 6559 ||| FLEEEEING.
  6560 | D:7      | 6560 ||| FLEEEEING.
  6561 | D:7      | 6561 ||| FLEEEEING.
  6562 | D:7      | 6562 ||| FLEEEEING.
  6658 | D:7      | Reached skill level 11 in Axes
  6815 | D:7      | Found a hide-covered altar of Uskayaw.
  6817 | D:7      | 6817 ||| READING scroll labelled BEFOSIMIMP.
  6818 | D:7      | 6818 ||| READING scroll labelled ASIDUX KEEXYI.
  6819 | D:7      | 6819 ||| READING 5 scrolls of identify.
  6819 | D:7      | 6819 ||| IDENTIFYING murky orange potion
  6840 | D:8      | 6840 ||| STAIRDANCE
  6849 | D:7      | Reached skill level 3 in Throwing
  7102 | D:8      | Found an ancient bone altar of Kikubaaqudgha.
  7120 | D:8      | Noticed Prince Ribbit
  7125 | D:8      | Killed Prince Ribbit
  7313 | D:8      | Found an iron altar of Okawaru.
  7314 | D:8      | 7314 ||| PLANNING OKAWARU WORSHIP
  7320 | D:8      | Reached skill level 9 in Fighting
  7343 | D:8      | 7343 ||| DROPPING +0 chain mail.
  7344 | D:8      | 7344 ||| UPGRADING to +0 plate armour.
  7354 | D:8      | 7354 ||| UPGRADING to ring of positive energy.
  7355 | D:8      | 7355 ||| DROPPING ring of magical power.
  7360 | D:8      | Became a worshipper of Warmaster Okawaru
  7360 | D:8      | 7360 ||| PLANNING D:1-11
  7426 | D:8      | 7426 ||| Stepping ~*~*~tactically~*~*~ (stealth).
  7609 | D:8      | 7609 ||| Stepping ~*~*~tactically~*~*~ (hiding).
  7864 | D:8      | 7864 ||| UPGRADING to amulet of reflection.
  8045 | D:9      | Reached skill level 6 in Armour
  8105 | D:9      | Found a blossoming altar of Fedhas.
  8389 | D:9      | Reached XP level 11. HP: 62/71 MP: 11/11
  8498 | D:9      | Noticed a two-headed ogre
  8502 | D:9      | Killed a two-headed ogre
  8502 | D:9      | Reached * piety under Okawaru
  8638 | D:9      | Reached skill level 1 in Invocations
  8794 | D:9      | 8794 ||| INVOKING Heroism.
  8944 | D:9      | 8944 ||| UPGRADING to ring of protection from fire.
  8946 | D:9      | 8946 ||| UPGRADING to ring of resist corrosion.
  8975 | D:10     | Entered Level 10 of the Dungeon
  8982 | D:10     | Found a portal to a secret trove of treasure.
  8983 | D:10     | 8983 ||| Stepping ~*~*~tactically~*~*~ (stealth).
  8997 | D:10     | 8997 ||| Stepping ~*~*~tactically~*~*~ (stealth).
  8998 | D:10     | 8998 ||| Stepping ~*~*~tactically~*~*~ (stealth).
  9012 | D:10     | Noticed a two-headed ogre
  9013 | D:10     | 9013 ||| Stepping ~*~*~tactically~*~*~ (hiding).
  9017 | D:10     | 9017 ||| INVOKING Heroism.
  9020 | D:10     | Killed a two-headed ogre
  9120 | D:10     | 9120 ||| Stepping ~*~*~tactically~*~*~ (hiding).
  9124 | D:10     | 9124 ||| INVOKING Heroism.
  9358 | D:10     | 9358 ||| Stepping ~*~*~tactically~*~*~ (hiding).
  9359 | D:10     | 9359 ||| Stepping ~*~*~tactically~*~*~ (hiding).
  9366 | D:10     | 9366 ||| Stepping ~*~*~tactically~*~*~ (hiding).
  9373 | D:10     | 9373 ||| INVOKING Heroism.
  9375 | D:10     | Reached skill level 3 in Invocations
  9415 | D:10     | Found a staircase to the Lair.
  9447 | D:10     | Noticed a two-headed ogre
  9448 | D:10     | 9448 ||| INVOKING Heroism.
  9452 | D:10     | Killed a two-headed ogre
  9452 | D:10     | Reached ** piety under Okawaru
  9638 | D:10     | Found a white marble altar of Elyvilon.
  9638 | D:10     | Found a glowing golden altar of the Shining One.
  9638 | D:10     | Found a glowing silver altar of Zin.
  9655 | D:10     | Noticed a two-headed ogre
  9656 | D:10     | 9656 ||| INVOKING Heroism.
  9661 | D:10     | Killed a two-headed ogre
  9662 | D:10     | Reached skill level 12 in Axes
  9700 | D:10     | Found a snail-covered altar of Cheibriados.
  9714 | D:10     | 9714 ||| PLANNING LAIR
  9714 | D:10     | 9714 ||| UPGRADING to +1 hat.
  9777 | Lair:1   | Entered Level 1 of the Lair of Beasts
  9795 | Lair:1   | 9795 ||| Stepping ~*~*~tactically~*~*~ (hiding).
  9922 | Lair:1   | 9922 ||| INVOKING Heroism.
  9955 | Lair:1   | 9955 ||| INVOKING Heroism.
  9967 | Lair:1   | Reached skill level 6 in Shields
  9981 | Lair:1   | Reached *** piety under Okawaru
 10033 | Lair:1   | Noticed Grum
 10034 | Lair:1   | 10034 ||| Stepping ~*~*~tactically~*~*~ (hiding).
 10044 | Lair:1   | 10044 ||| INVOKING Heroism.
 10050 | Lair:1   | Killed Grum
 10090 | Lair:1   | 10090 ||| INVOKING Heroism.
 10098 | Lair:1   | Reached XP level 12. HP: 77/77 MP: 12/15
 10123 | Lair:1   | 10123 ||| Stepping ~*~*~tactically~*~*~ (hiding).
 10125 | Lair:1   | 10125 ||| Stepping ~*~*~tactically~*~*~ (hiding).
 10459 | Lair:1   | 10459 ||| Stepping ~*~*~tactically~*~*~ (stealth).
 10809 | Lair:1   | 10809 ||| UPGRADING to ring of protection from fire.
 10811 | Lair:1   | 10811 ||| DROPPING ring of flight.
 10812 | Lair:1   | 10812 ||| UPGRADING to +5 ring of evasion.
 10814 | Lair:1   | 10814 ||| READING scroll labelled JECLEFEGIZA.
 10814 | Lair:1   | Identified a scroll of acquirement
 10814 | Lair:1   | 10814 ||| ACQUIRING +4 broad axe of Wiowynuf {pain, Fly
                  | rElec rF- rC+++}
 10814 | Lair:1   | Acquired the +4 broad axe of Wiowynuf {pain, Fly rElec rF-
                  | rC+++}
 10816 | Lair:1   | 10816 ||| SWAPPING to +4 broad axe of Wiowynuf {pain, Fly
                  | rElec rF- rC+++}.
 10852 | Lair:2   | 10852 ||| Stepping ~*~*~tactically~*~*~ (hiding).
 10863 | Lair:2   | Found a staircase to the Snake Pit.
 10864 | Lair:2   | 10864 ||| INVOKING Heroism.
 10877 | Lair:2   | Reached skill level 13 in Axes
 10966 | Lair:2   | 10966 ||| INVOKING Heroism.
 10993 | Lair:2   | 10993 ||| Stepping ~*~*~tactically~*~*~ (cloud).
 11049 | Lair:2   | Reached **** piety under Okawaru
 11146 | Lair:2   | 11146 ||| INVOKING Heroism.
 11153 | Lair:2   | Reached skill level 9 in Armour
 11357 | Lair:2   | 11357 ||| READING 2 scrolls of acquirement.
 11357 | Lair:2   | 11357 ||| ACQUIRING 921 gold pieces
 11357 | Lair:2   | Acquired 921 gold pieces
 11359 | Lair:2   | 11359 ||| READING scroll of acquirement.
 11359 | Lair:2   | 11359 ||| ACQUIRING +5 plate armour of Hekkydyteu {+Blink
                  | Dex+4}
 11359 | Lair:2   | Acquired the +5 plate armour of Hekkydyteu {+Blink Dex+4}
 11361 | Lair:2   | 11361 ||| DROPPING +3 scale mail of cold resistance.
 11370 | Lair:2   | Found a staircase to the Swamp.
 11397 | Lair:2   | 11397 ||| INVOKING Heroism.
 11503 | Lair:2   | 11503 ||| INVOKING Heroism.
 11930 | Lair:2   | 11930 ||| UPGRADING to +5 plate armour of Hekkydyteu
                  | {+Blink Dex+4}.
 11940 | Lair:2   | 11940 ||| DROPPING +0 plate armour.
 11941 | Lair:2   | 11941 ||| DROPPING ring of positive energy.
 11942 | Lair:2   | 11942 ||| READING scroll labelled SER QIRPHAINEY.
 11943 | Lair:2   | 11943 ||| DRINKING 2 fizzy brown potions.
 11944 | Lair:2   | 11944 ||| READING 12 scrolls of identify.
 11944 | Lair:2   | 11944 ||| IDENTIFYING glowing inky potion
 11945 | Lair:2   | 11945 ||| DROPPING potion of brilliance.
 11966 | Lair:3   | Noticed a four-headed hydra
 11967 | Lair:3   | 11967 ||| INVOKING Heroism.
 11971 | Lair:3   | 11971 ||| SWAPPING to +2 hand axe of flaming.
 11975 | Lair:3   | Killed a one-headed hydra
 11976 | Lair:3   | Reached skill level 6 in Invocations
 11976 | Lair:3   | 11976 ||| SWAPPING to +4 broad axe of Wiowynuf {pain, Fly
                  | rElec rF- rC+++}.
 11979 | Lair:3   | Reached ***** piety under Okawaru
 12079 | Lair:3   | Noticed a catoblepas
 12080 | Lair:3   | 12080 ||| INVOKING Heroism.
 12093 | Lair:3   | Killed a catoblepas
 12208 | Lair:3   | 12208 ||| INVOKING Heroism.
 12424 | Lair:3   | 12424 ||| INVOKING Heroism.
 13369 | Lair:4   | Noticed a seven-headed hydra
 13370 | Lair:4   | 13370 ||| INVOKING Heroism.
 13370 | Lair:4   | Noticed a five-headed hydra
 13371 | Lair:4   | 13371 ||| INVOKING Finesse.
 13381 | Lair:4   | 13381 ||| SWAPPING to +2 hand axe of flaming.
 13390 | Lair:4   | Killed a one-headed hydra
 13391 | Lair:4   | Reached skill level 14 in Axes
 13391 | Lair:4   | Reached XP level 13. HP: 77/82 MP: 11/18
 13396 | Lair:4   | 13396 ||| SWAPPING to +4 broad axe of Wiowynuf {pain, Fly
                  | rElec rF- rC+++}.
 13680 | Lair:4   | 13680 ||| INVOKING Heroism.
 13702 | Lair:4   | Found a staircase to the Slime Pits.
 13927 | Lair:4   | Reached skill level 9 in Invocations
 13937 | Lair:4   | 13937 ||| INVOKING Heroism.
 14079 | Lair:4   | Identified the +6 mace of Safeibie {spect, rElec Dex+2}
 14295 | Lair:4   | 14295 ||| INVOKING Heroism.
 14315 | Lair:4   | 14315 ||| INVOKING Finesse.
 14540 | Lair:5   | Entered Level 5 of the Lair of Beasts
 14541 | Lair:5   | 14541 ||| INVOKING Heroism.
 14554 | Lair:5   | Received a gift from Okawaru
 14569 | Lair:5   | 14569 ||| STAIRDANCE
 14598 | Lair:5   | 14598 ||| INVOKING Heroism.
 14637 | Lair:5   | 14637 ||| Stepping ~*~*~tactically~*~*~ (stealth).
 14642 | Lair:5   | 14642 ||| Stepping ~*~*~tactically~*~*~ (stealth).
 14651 | Lair:5   | 14651 ||| FLEEEEING.
 14652 | Lair:5   | 14652 ||| FLEEEEING.
 14653 | Lair:5   | 14653 ||| FLEEEEING.
 14654 | Lair:5   | 14654 ||| FLEEEEING.
 14655 | Lair:5   | 14655 ||| FLEEEEING.
 14656 | Lair:5   | 14656 ||| STAIRDANCE
 14708 | Lair:5   | Received a gift from Okawaru
 14765 | Lair:5   | 14765 ||| INVOKING Heroism.
 14766 | Lair:5   | 14766 ||| INVOKING Finesse.
 14769 | Lair:5   | 14769 ||| SWAPPING to +2 hand axe of flaming.
 14776 | Lair:5   | 14776 ||| SWAPPING to +4 broad axe of Wiowynuf {pain, Fly
                  | rElec rF- rC+++}.
 14794 | Lair:5   | 14794 ||| Stepping ~*~*~tactically~*~*~ (stealth).
 14795 | Lair:5   | 14795 ||| Stepping ~*~*~tactically~*~*~ (stealth).
 14965 | Lair:5   | 14965 ||| INVOKING Heroism.
 14966 | Lair:5   | 14966 ||| INVOKING Finesse.
 14970 | Lair:5   | 14970 ||| SWAPPING to +2 hand axe of flaming.
 14979 | Lair:5   | 14979 ||| SWAPPING to +4 broad axe of Wiowynuf {pain, Fly
                  | rElec rF- rC+++}.
 15286 | Lair:5   | 15286 ||| Stepping ~*~*~tactically~*~*~ (stealth).
 15289 | Lair:5   | 15289 ||| Stepping ~*~*~tactically~*~*~ (stealth).
 15292 | Lair:5   | 15292 ||| INVOKING Heroism.
 15328 | Lair:5   | 15328 ||| Stepping ~*~*~tactically~*~*~ (stealth).
 15331 | Lair:5   | 15331 ||| Stepping ~*~*~tactically~*~*~ (stealth).
 15345 | Lair:5   | Reached skill level 15 in Axes
 15366 | Lair:5   | 15366 ||| Stepping ~*~*~tactically~*~*~ (stealth).
 15367 | Lair:5   | 15367 ||| Stepping ~*~*~tactically~*~*~ (stealth).
 15369 | Lair:5   | 15369 ||| Stepping ~*~*~tactically~*~*~ (stealth).
 15381 | Lair:5   | Gained mutation: Your large and strong wings let you fly.
                  | [Gargoyle growth]
 15381 | Lair:5   | Reached XP level 14. HP: 90/90 MP: 21/21
 15398 | Lair:5   | 15398 ||| INVOKING Heroism.
 15453 | Lair:5   | 15453 ||| INVOKING Heroism.
 15456 | Lair:5   | 15456 ||| Stepping ~*~*~tactically~*~*~ (stealth).
 15467 | Lair:5   | HP: 17/90 [lindwurm/blast of flame (30)]
 15468 | Lair:5   | 15468 ||| READING 7 scrolls of teleportation.
 15469 | Lair:5   | 15469 ||| DRINKING 6 potions of heal wounds.
 15705 | Lair:5   | 15705 ||| Stepping ~*~*~tactically~*~*~ (stealth).
 15759 | Lair:5   | 15759 ||| Stepping ~*~*~tactically~*~*~ (stealth).
 15762 | Lair:5   | 15762 ||| Stepping ~*~*~tactically~*~*~ (hiding).
 15768 | Lair:5   | 15768 ||| INVOKING Heroism.
 15911 | Lair:5   | 15911 ||| PLANNING D:1-11
 15911 | Lair:5   | 15911 ||| UPGRADING to +1 pair of gloves of strength.
 15916 | Lair:5   | 15916 ||| DROPPING amulet of magic regeneration.
 16250 | D:11     | Noticed Urug
 16251 | D:11     | 16251 ||| INVOKING Heroism.
 16256 | D:11     | Killed Urug
 16323 | D:11     | Noticed Josephine
 16324 | D:11     | 16324 ||| Stepping ~*~*~tactically~*~*~ (stealth).
 16346 | D:11     | Killed Josephine
 16450 | D:11     | 16450 ||| Stepping ~*~*~tactically~*~*~ (hiding).
 16561 | D:11     | Found a staircase to the Orcish Mines.
 16565 | D:11     | 16565 ||| Stepping ~*~*~tactically~*~*~ (hiding).
 16601 | D:11     | 16601 ||| Stepping ~*~*~tactically~*~*~ (hiding).
 16612 | D:11     | Reached skill level 6 in Throwing
 16730 | D:11     | Noticed Snorg
 16731 | D:11     | 16731 ||| INVOKING Heroism.
 16739 | D:11     | Killed Snorg
 16921 | D:11     | Reached skill level 12 in Fighting
 16990 | D:11     | Received a gift from Okawaru
 17266 | D:11     | Found an opulent altar of Gozag.
 17295 | D:11     | 17295 ||| PLANNING D
 17371 | D:12     | 17371 ||| Stepping ~*~*~tactically~*~*~ (hiding).
 17372 | D:12     | 17372 ||| Stepping ~*~*~tactically~*~*~ (hiding).
 17375 | D:12     | 17375 ||| Stepping ~*~*~tactically~*~*~ (hiding).
 17526 | D:12     | 17526 ||| INVOKING Heroism.
 17705 | D:12     | 17705 ||| INVOKING Heroism.
 17865 | D:12     | Found a transporter.
 17872 | D:12     | 17872 ||| DRINKING 10 potions of curing.
 17872 | D:12     | 17872 ||| (to cure confusion)
 17878 | D:12     | 17878 ||| INVOKING Heroism.
 18013 | D:12     | Found a transporter.
 18021 | D:12     | Found a transporter.
 18027 | D:12     | Found a transporter.
 18037 | D:12     | Found Plog's Assorted Antiques.
 18052 | D:12     | 18052 ||| BUYING potion of mutation (192 gold).
 18052 | D:12     | Bought a potion of mutation for 192 gold pieces
 18052 | D:12     | 18052 ||| BUYING scroll labelled JAETAONUZE (24 gold).
 18052 | D:12     | Bought a scroll labelled JAETAONUZE for 24 gold pieces
 18053 | D:12     | Found a transporter.
 18054 | D:12     | Found a transporter.
 18227 | D:12     | 18227 ||| READING scroll labelled JAETAONUZE.
 18228 | D:12     | 18228 ||| READING 18 scrolls of identify.
 18228 | D:12     | 18228 ||| IDENTIFYING ruby potion
 18229 | D:12     | 18229 ||| DROPPING potion of ambrosia.
 18282 | D:13     | 18282 ||| Stepping ~*~*~tactically~*~*~ (hiding).
 18323 | D:13     | 18323 ||| Stepping ~*~*~tactically~*~*~ (hiding).
 18324 | D:13     | 18324 ||| Stepping ~*~*~tactically~*~*~ (hiding).
 18352 | D:13     | Reached skill level 16 in Axes
 18352 | D:13     | 18352 ||| Stepping ~*~*~tactically~*~*~ (hiding).
 18354 | D:13     | 18354 ||| Stepping ~*~*~tactically~*~*~ (hiding).
 18361 | D:13     | 18361 ||| INVOKING Heroism.
 18366 | D:13     | Received a gift from Okawaru
 18557 | D:13     | 18557 ||| INVOKING Heroism.
 18584 | D:13     | Received a gift from Okawaru
 18883 | D:13     | Reached XP level 15. HP: 93/96 MP: 22/22
 18892 | D:13     | 18892 ||| Stepping ~*~*~tactically~*~*~ (hiding).
 18906 | D:13     | 18906 ||| FLEEEEING.
 18913 | D:13     | 18913 ||| FLEEEEING.
 18914 | D:13     | 18914 ||| FLEEEEING.
 19076 | D:13     | Found a gate to the Vaults.
 19093 | D:13     | 19093 ||| INVOKING Heroism.
 19180 | D:13     | 19180 ||| Stepping ~*~*~tactically~*~*~ (hiding).
 19224 | D:13     | 19224 ||| Stepping ~*~*~tactically~*~*~ (stealth).
 19445 | D:13     | 19445 ||| INVOKING Heroism.
 19543 | D:13     | 19543 ||| INVOKING Heroism.
 19544 | D:13     | 19544 ||| SWAPPING to +2 hand axe of flaming.
 19550 | D:13     | 19550 ||| SWAPPING to +4 broad axe of Wiowynuf {pain, Fly
                  | rElec rF- rC+++}.
 19571 | D:13     | Received a gift from Okawaru
 19612 | D:13     | 19612 ||| INVOKING Heroism.
 20240 | D:14     | Found a shadowy altar of Dithmenos.
 20314 | D:14     | 20314 ||| Stepping ~*~*~tactically~*~*~ (hiding).
 20316 | D:14     | 20316 ||| Stepping ~*~*~tactically~*~*~ (hiding).
 20355 | D:14     | 20355 ||| Stepping ~*~*~tactically~*~*~ (hiding).
 20476 | D:14     | Noticed Lodul
 20480 | D:14     | 20480 ||| INVOKING Heroism.
 20489 | D:14     | Killed Lodul
 20500 | D:14     | Reached skill level 17 in Axes
 20648 | D:14     | 20648 ||| INVOKING Heroism.
 20649 | D:14     | 20649 ||| SWAPPING to +2 hand axe of flaming.
 20659 | D:14     | 20659 ||| SWAPPING to +4 broad axe of Wiowynuf {pain, Fly
                  | rElec rF- rC+++}.
 20726 | D:14     | Found a radiant altar of Vehumet.
 20908 | D:14     | 20908 ||| Stepping ~*~*~tactically~*~*~ (stealth).
 20970 | D:14     | 20970 ||| INVOKING Heroism.
 21064 | D:14     | Received a gift from Okawaru
 21121 | D:14     | 21121 ||| Stepping ~*~*~tactically~*~*~ (hiding).
 21123 | D:14     | 21123 ||| Stepping ~*~*~tactically~*~*~ (hiding).
 21124 | D:14     | 21124 ||| Stepping ~*~*~tactically~*~*~ (hiding).
 21126 | D:14     | 21126 ||| Stepping ~*~*~tactically~*~*~ (hiding).
 21129 | D:14     | 21129 ||| INVOKING Heroism.
 21185 | D:14     | Identified the +0 hand crossbow of Beastly Defence {heavy,
                  | Fly Will+}
 21190 | D:14     | Identified the +7 lajatang of the Orb {elec, rN+ Dex+2}
 21193 | D:14     | Identified the +3 long sword "Opholint" {drain, rCorr}
 21348 | D:14     | Identified the +7 long sword of Uwnuawn {heavy, rC+ rCorr
                  | Dex+5 SInv}
 21443 | D:14     | 21443 ||| READING scroll labelled JEWUOQI FUIPP.
 21516 | D:15     | Entered Level 15 of the Dungeon
 21801 | D:15     | 21801 ||| INVOKING Heroism.
 21802 | D:15     | 21802 ||| INVOKING Finesse.
 21804 | D:15     | 21804 ||| SWAPPING to +2 hand axe of flaming.
 21810 | D:15     | Reached skill level 12 in Armour
 21810 | D:15     | 21810 ||| SWAPPING to +4 broad axe of Wiowynuf {pain, Fly
                  | rElec rF- rC+++}.
 21825 | D:15     | 21825 ||| Stepping ~*~*~tactically~*~*~ (hiding).
 21828 | D:15     | 21828 ||| Stepping ~*~*~tactically~*~*~ (hiding).
 21850 | D:15     | 21850 ||| INVOKING Heroism.
 21860 | D:15     | 21860 ||| Stepping ~*~*~tactically~*~*~ (stealth).
 21862 | D:15     | 21862 ||| Stepping ~*~*~tactically~*~*~ (stealth).
 22108 | D:15     | Found a staircase to the Depths.
 22355 | D:15     | 22355 ||| Stepping ~*~*~tactically~*~*~ (hiding).
 22356 | D:15     | 22356 ||| Stepping ~*~*~tactically~*~*~ (hiding).
 22359 | D:15     | 22359 ||| INVOKING Heroism.
 22595 | D:15     | 22595 ||| PLANNING ORC
 22703 | Orc:1    | Entered Level 1 of the Orcish Mines
 22709 | Orc:1    | Reached XP level 16. HP: 104/104 MP: 23/23
 22758 | Orc:1    | 22758 ||| INVOKING Heroism.
 22809 | Orc:1    | 22809 ||| Stepping ~*~*~tactically~*~*~ (hiding).
 22831 | Orc:1    | 22831 ||| INVOKING Heroism.
 22837 | Orc:1    | 22837 ||| Stepping ~*~*~tactically~*~*~ (stealth).
 22838 | Orc:1    | 22838 ||| Stepping ~*~*~tactically~*~*~ (stealth).
 22839 | Orc:1    | 22839 ||| Stepping ~*~*~tactically~*~*~ (stealth).
 22911 | Orc:1    | Found Oskaemin's Armour Shoppe.
 22927 | Orc:1    | 22927 ||| BUYING +0 ice dragon scales (900 gold).
 22927 | Orc:1    | Bought +0 ice dragon scales for 900 gold pieces
 22927 | Orc:1    | 22927 ||| BUYING +8 chain mail of Pragmatism {rPois rF-
                  | Regen+ Slay+2} (856 gold).
 22927 | Orc:1    | Bought the +8 chain mail of Pragmatism {rPois rF- Regen+
                  | Slay+2} for 856 gold pieces
 22989 | Orc:1    | 22989 ||| DROPPING +0 ice dragon scales.
 22990 | Orc:1    | 22990 ||| UPGRADING to +8 chain mail of Pragmatism {rPois
                  | rF- Regen+ Slay+2}.
 23000 | Orc:1    | 23000 ||| REMOVING ring of protection from fire.
 23001 | Orc:1    | 23001 ||| UPGRADING to ring of resist corrosion.
 23002 | Orc:1    | 23002 ||| UPGRADING to +6 ring of dexterity.
 23034 | Orc:2    | Entered Level 2 of the Orcish Mines
 23057 | Orc:2    | 23057 ||| Stepping ~*~*~tactically~*~*~ (stealth).
 23058 | Orc:2    | 23058 ||| Stepping ~*~*~tactically~*~*~ (stealth).
 23059 | Orc:2    | 23059 ||| Stepping ~*~*~tactically~*~*~ (hiding).
 23060 | Orc:2    | 23060 ||| Stepping ~*~*~tactically~*~*~ (hiding).
 23060 | Orc:2    | Found Hebloph's Assorted Antiques.
 23061 | Orc:2    | 23061 ||| INVOKING Heroism.
 23062 | Orc:2    | 23062 ||| Stepping ~*~*~tactically~*~*~ (hiding).
 23102 | Orc:2    | Reached skill level 18 in Axes
 23152 | Orc:1    | 23152 ||| INVOKING Heroism.
 23164 | Orc:1    | Received a gift from Okawaru
 23263 | Orc:2    | Found Keptew's Antique Armour Emporium.
 23266 | Orc:2    | 23266 ||| BUYING potion of mutation (216 gold).
 23266 | Orc:2    | Bought a potion of mutation for 216 gold pieces
 23268 | Orc:2    | Found Wonain's General Store.
 23269 | Orc:2    | Found Igifyiho's Assorted Antiques.
 23271 | Orc:2    | 23271 ||| BUYING embroidered cloak (225 gold).
 23271 | Orc:2    | Bought an embroidered cloak for 225 gold pieces
 23271 | Orc:2    | 23271 ||| BUYING pair of boots (135 gold).
 23271 | Orc:2    | Bought a pair of boots for 135 gold pieces
 23271 | Orc:2    | 23271 ||| BUYING pair of runed boots (225 gold).
 23271 | Orc:2    | Bought a pair of runed boots for 225 gold pieces
 23289 | Orc:2    | 23289 ||| BUYING potion of curing (63 gold).
 23289 | Orc:2    | Bought a potion of curing for 63 gold pieces
 23289 | Orc:2    | 23289 ||| BUYING potion of heal wounds (105 gold).
 23289 | Orc:2    | Bought a potion of heal wounds for 105 gold pieces
 23289 | Orc:2    | 23289 ||| BUYING scroll of teleportation (63 gold).
 23289 | Orc:2    | Bought a scroll of teleportation for 63 gold pieces
 23294 | Orc:2    | 23294 ||| DROPPING +0 cloak of preservation.
 23295 | Orc:2    | 23295 ||| UPGRADING to +0 pair of boots.
 23300 | Orc:2    | 23300 ||| UPGRADING to +1 pair of boots of stealth.
 23310 | Orc:2    | 23310 ||| DROPPING +0 pair of boots.
 23328 | Orc:1    | 23328 ||| Stepping ~*~*~tactically~*~*~ (hiding).
 23574 | Orc:2    | Found a staircase to the Elven Halls.
 23577 | Orc:2    | Noticed Jorgrun
 23578 | Orc:2    | 23578 ||| INVOKING Heroism.
 23587 | Orc:2    | Killed Jorgrun
 23587 | Orc:2    | Received a gift from Okawaru
 23588 | Orc:2    | Reached skill level 9 in Shields
 23791 | Orc:2    | 23791 ||| PLANNING SNAKE:1-3
 23926 | Snake:1  | Entered Level 1 of the Snake Pit
 24048 | Snake:1  | 24048 ||| Stepping ~*~*~tactically~*~*~ (hiding).
 24054 | Snake:1  | 24054 ||| INVOKING Heroism.
 24064 | Snake:1  | 24064 ||| Stepping ~*~*~tactically~*~*~ (hiding).
 24076 | Snake:1  | Received a gift from Okawaru
 24214 | Snake:1  | 24214 ||| Stepping ~*~*~tactically~*~*~ (stealth).
 24384 | Snake:2  | 24384 ||| INVOKING Heroism.
 24526 | Snake:2  | Received a gift from Okawaru
 24559 | Snake:2  | 24559 ||| INVOKING Heroism.
 24607 | Snake:2  | 24607 ||| INVOKING Heroism.
 24737 | Snake:2  | Reached skill level 6 in Dodging
 24834 | Snake:2  | Found Ecidak's Assorted Antiques.
 24836 | Snake:2  | Found Myris's Antique Armour Emporium.
 24840 | Snake:2  | Found Nyilovin's Antique Armour Shoppe.
 24843 | Snake:2  | 24843 ||| BUYING 2 potions of lignification (216 gold).
 24843 | Snake:2  | Bought 2 potions of lignification for 216 gold pieces
 24843 | Snake:2  | 24843 ||| BUYING potion of curing (108 gold).
 24843 | Snake:2  | Bought a potion of curing for 108 gold pieces
 24845 | Snake:2  | 24845 ||| BUYING pair of embroidered gloves (315 gold).
 24845 | Snake:2  | Bought a pair of embroidered gloves for 315 gold pieces
 25197 | Snake:2  | Noticed a nagaraja
 25198 | Snake:2  | 25198 ||| UPGRADING to +0 tower shield.
 25208 | Snake:2  | 25208 ||| INVOKING Heroism.
 25216 | Snake:2  | Killed a nagaraja
 25216 | Snake:2  | Identified the +0 hat of Joxze {rElec rC+ rN+ Int-5}
                  | (Okawaru gifted it to you on level 2 of the Snake Pit)
 25216 | Snake:2  | Received a gift from Okawaru
 25218 | Snake:2  | 25218 ||| Stepping ~*~*~tactically~*~*~ (hiding).
 25219 | Snake:2  | 25219 ||| Stepping ~*~*~tactically~*~*~ (hiding).
 25231 | Snake:2  | 25231 ||| DROPPING +0 buckler.
 25232 | Snake:2  | 25232 ||| DROPPING +2 pair of gloves of hurling.
 25382 | Snake:2  | 25382 ||| UPGRADING to amulet of faith.
 25392 | Snake:2  | 25392 ||| DROPPING ring of fire.
 25393 | Snake:2  | 25393 ||| READING scroll labelled KUSEOR WOPIWOE.
 25408 | Snake:3  | Reached XP level 17. HP: 112/112 MP: 24/24
 25443 | Snake:3  | 25443 ||| INVOKING Heroism.
 25444 | Snake:3  | HP: 10/112 [salamander/+4 halberd (21)]
 25445 | Snake:3  | 25445 ||| READING 15 scrolls of teleportation.
 25446 | Snake:3  | 25446 ||| DRINKING 9 potions of heal wounds.
 25451 | Snake:3  | HP: 22/112 [black mamba[a naga ritualist] (10)]
 25452 | Snake:3  | 25452 ||| READING 14 scrolls of teleportation.
 25453 | Snake:3  | 25453 ||| DRINKING 8 potions of heal wounds.
 25599 | Snake:3  | Found Japhauph's Jewellery Shop.
 25606 | Snake:3  | 25606 ||| Stepping ~*~*~tactically~*~*~ (hiding).
 25609 | Snake:3  | 25609 ||| SHOPLISTING amulet of the Sneaky Loafs {Faith
                  | +Inv rC+} (1037 gold, have 641).
 25609 | Snake:3  | 25609 ||| BUYING ring of see invisible (255 gold).
 25609 | Snake:3  | Bought a ring of see invisible for 255 gold pieces
 25609 | Snake:3  | 25609 ||| SHOPLISTING ring of the Hare {EV+10} (2176 gold,
                  | have 386).
 25609 | Snake:3  | 25609 ||| Stepping ~*~*~tactically~*~*~ (hiding).
 25610 | Snake:3  | 25610 ||| Stepping ~*~*~tactically~*~*~ (hiding).
 25612 | Snake:3  | 25612 ||| INVOKING Heroism.
 25783 | Snake:3  | 25783 ||| INVOKING Heroism.
 25923 | Snake:3  | 25923 ||| Stepping ~*~*~tactically~*~*~ (hiding).
 25925 | Snake:3  | 25925 ||| Stepping ~*~*~tactically~*~*~ (hiding).
 26089 | Snake:3  | 26089 ||| INVOKING Heroism.
 26092 | Snake:3  | Reached skill level 12 in Shields
 26235 | Snake:3  | 26235 ||| READING scroll of enchant armour.
 26235 | Snake:3  | 26235 ||| ENCHANTING +1 pair of gloves of strength.
 26435 | Snake:3  | 26435 ||| PLANNING SWAMP:1-3
 26435 | Snake:3  | 26435 ||| UPGRADING to ring of see invisible.
 26437 | Snake:3  | 26437 ||| DROPPING +6 ring of dexterity.
 26519 | Swamp:1  | Entered Level 1 of the Swamp
 26520 | Swamp:1  | 26520 ||| INVOKING Heroism.
 26521 | Swamp:1  | 26521 ||| Stepping ~*~*~tactically~*~*~ (hiding).
 26527 | Swamp:1  | Received a gift from Okawaru
 26999 | Swamp:1  | 26999 ||| READING scroll labelled DAEDYKHLAUZI.
 27016 | Swamp:2  | 27016 ||| Stepping ~*~*~tactically~*~*~ (cloud).
 27023 | Swamp:2  | 27023 ||| Stepping ~*~*~tactically~*~*~ (hiding).
 27025 | Swamp:2  | You are sucked into a shaft and drop 1 floor!
 27172 | Swamp:2  | Received a gift from Okawaru
 27173 | Swamp:2  | 27173 ||| Stepping ~*~*~tactically~*~*~ (stealth).
 27198 | Swamp:2  | 27198 ||| INVOKING Heroism.
 27230 | Swamp:2  | 27230 ||| READING scroll of enchant armour.
 27230 | Swamp:2  | 27230 ||| ENCHANTING +1 hat.
 27246 | Swamp:2  | 27246 ||| Stepping ~*~*~tactically~*~*~ (hiding).
 27328 | Swamp:2  | 27328 ||| INVOKING Heroism.
 27334 | Swamp:2  | 27334 ||| SWAPPING to +2 hand axe of flaming.
 27342 | Swamp:2  | 27342 ||| SWAPPING to +4 broad axe of Wiowynuf {pain, Fly
                  | rElec rF- rC+++}.
 27352 | Swamp:2  | Received a gift from Okawaru
 27508 | Swamp:2  | Found a frozen archway.
 27520 | Swamp:2  | 27520 ||| Stepping ~*~*~tactically~*~*~ (hiding).
 27521 | Swamp:2  | 27521 ||| Stepping ~*~*~tactically~*~*~ (hiding).
 27523 | Swamp:2  | 27523 ||| INVOKING Heroism.
 27537 | Swamp:2  | 27537 ||| SWAPPING to +2 hand axe of flaming.
 27544 | Swamp:2  | 27544 ||| SWAPPING to +4 broad axe of Wiowynuf {pain, Fly
                  | rElec rF- rC+++}.
 27792 | Swamp:2  | 27792 ||| DROPPING +6 ring of strength.
 27817 | Swamp:3  | 27817 ||| STAIRDANCE
 27819 | Swamp:2  | 27819 ||| INVOKING Heroism.
 27871 | Swamp:3  | 27871 ||| STAIRDANCE
 27871 | Swamp:3  | HP: 8/112 [will-o-the-wisp/foxfire (24)]
 27873 | Swamp:2  | 27873 ||| READING 15 scrolls of teleportation.
 27874 | Swamp:2  | 27874 ||| DRINKING 8 potions of heal wounds.
 27875 | Swamp:2  | 27875 ||| DRINKING 7 potions of heal wounds.
 27876 | Swamp:2  | 27876 ||| INVOKING Heroism.
 27963 | Swamp:3  | 27963 ||| READING scroll of enchant armour.
 27963 | Swamp:3  | 27963 ||| ENCHANTING +1 pair of boots of stealth.
 27967 | Swamp:3  | 27967 ||| INVOKING Heroism.
 27977 | Swamp:3  | 27977 ||| SWAPPING to +2 hand axe of flaming.
 27980 | Swamp:3  | 27980 ||| SWAPPING to +4 broad axe of Wiowynuf {pain, Fly
                  | rElec rF- rC+++}.
 28047 | Swamp:3  | 28047 ||| Stepping ~*~*~tactically~*~*~ (hiding).
 28050 | Swamp:3  | 28050 ||| Stepping ~*~*~tactically~*~*~ (hiding).
 28093 | Swamp:3  | 28093 ||| INVOKING Heroism.
 28094 | Swamp:3  | Killed from afar by a will-o-the-wisp

Levels and vault maps discovered:
D:1:      dpeg_arrival_three_bigger_balls, layout_loops_ring, serial_glass,
          glass_columns_c, glass_columns_b, item_on_display_b, feat_on_display,
          feat_on_display, st_stairs_13
D:2:      layout_loops_ring, basic_altar
D:3:      layout_basic
D:4:      layout_basic, minmay_temple_entry_arrows,
          cheibrodos_sewer_entry_sluice, serial_glass, glass_columns_b,
          glass_columns_a, glass_columns_b, glass_columns_a, glass_columns_c,
          glass_columns_c, supply_closet_lemuel
D:5:      layout_gridville, nicolae_overflow_squiral, serial_shops,
          kennysheep_mini_moat, uniq_crazy_yiuf_cottage, uniq_grinder
D:6:      layout_cave_pools, roderic_serpentine_path, uniq_menkaure,
          uniq_blork_the_orc, uniq_eustachio
D:7:      layout_cave_pools, kennysheep_little_box, serial_undead,
          serial_undead_a, serial_undead_c, serial_undead_d, serial_undead_c,
          uniq_joseph
D:8:      layout_gridville, pf_just_have_faith, okawaru_gym_becter,
          uniq_prince_ribbit1
D:9:      layout_layer_cave, overflow_temple_1_default
D:10:     layout_roguey, good_gods_mini_temple, slow_altar_2,
          erik_lair_orcish_takeover, nicolae_trove_entry_diagonal
D:11:     layout_loops_corners, orc_0_dummy, grunt_gozag_breadcrumbs,
          uniq_snorg, uniq_urug, uniq_josephine
D:12:     layout_rooms, serial_shops, nicolae_shop_tiny_glass,
          serial_nicolae_subway, nicolae_sub_station_crystal,
          nicolae_sub_station_stone, nicolae_sub_station_metal
D:13:     layout_stronghold, hangedman_vaults_entry_quadrant_bands,
          grunt_potential
D:14:     giant_chief_lemuel, layout_loops_cross, nicolae_vehumet_altar_sigil,
          nicolae_dithmenos_shadow_blocks, uniq_lodul
D:15:     grunt_enter_depths_giant_problem, layout_cave_pods,
          grunt_decor_fettered, serial_column_ruins, column_ruins_hut,
          column_ruins_open_tiny, column_ruins_grid_3, column_ruins_open_tiny,
          column_ruins_grid_2, column_ruins_columns_straight
Temple:   hellmonk_temple_flake
Lair:1:   layout_chaotic_city, serial_bayou_crossing, infiniplex_staircase_pool,
          uniq_grum
Lair:2:   layout_gridlike, swamp_mist_pool, minmay_snake_entry_guardpost_small,
          nicolae_lair_run_with_the_wolves
Lair:3:   layout_layer_cave
Lair:4:   layout_layer_cave, minmay_slime_entry_jelly_boxes,
          hibernation_bobbens, infiniplex_staircase_pool_2
Lair:5:   grunt_lair_end_beastmaster, layout_gridlike, minivault_11,
          grunt_megastairs_4
Swamp:1:  layout_basic_swamp, evilmike_swamp_ruin_house_1
Swamp:2:  layout_basic_swamp, portal_ice_cave_entry_pillars_four,
          serial_swamp_ruin, evilmike_swamp_ruin_rubble_1,
          evilmike_swamp_ruin_house_3
Swamp:3:  layout_basic_swamp, nicolae_swamp_bean_lake, uniq_bai_suzhen
Snake:1:  layout_onion_interference
Snake:2:  layout_gridlike, guppyfry_library_mini, minmay_shop_star
Snake:3:  layout_onion, grunt_ministairs_6, minmay_shop_grid_forest,
          serial_bayou_pond_e, grunt_megastairs_3
Orc:1:    layout_diamond_mine, serial_shops, shop_fountains
Orc:2:    st_orc_open, layout_caves, uniq_jorgrun

Skill      XL: |  1  2  3  4  5  6  7  8  9 10 11 12 13 14 15 16 17 |
---------------+----------------------------------------------------+-----
Axes           | 2 3 4 5 6 7 9 10 11 12 14 15 16 17 18 | 18.0
Throwing       | 1 2 3 6 7 8 |  8.0
Fighting       | 4 5 6 8 9 10 11 12 13 14 | 14.4
Dodging        | 1 3 4 6 |  6.1
Shields        | 4 5 6 7 8 9 14 | 14.0
Armour         | 6 8 9 11 12 | 12.0
Invocations    | 4 7 10 | 10.0

Action                     |  1- 3 |  4- 6 |  7- 9 | 10-12 | 13-15 | 16-18 || total
---------------------------+-------+-------+-------+-------+-------+-------++-------
  Melee: War axe           |    84 |   133 |   181 |   272 |       |       ||   670
         Headbutt          |       |    22 |    29 |    78 |   246 |   155 ||   530
         Broad axe         |       |       |       |   170 |   810 |   655 ||  1635
         Hand axe          |       |       |       |    13 |    38 |    15 ||    66
  Throw: Javelin           |    23 |    15 |    16 |    26 |    68 |    78 ||   226
         Boomerang         |       |       |    19 |    47 |     7 |    18 ||    91
 Invoke: Heroism           |       |       |       |    20 |    29 |    22 ||    71
         Finesse           |       |       |       |     1 |     4 |       ||     5
    Use: Scroll            |     3 |     8 |     9 |     8 |     4 |     8 ||    40
         Potion            |     3 |     2 |     2 |     1 |     2 |     4 ||    14
   Stab: Distracted        |       |       |       |     1 |       |     1 ||     2
 Armour: Scale mail        |    26 |     7 |    62 |    32 |       |       ||   127
         Chain mail        |       |    86 |    58 |       |       |   244 ||   388
         Plate armour      |       |       |       |   150 |   374 |     5 ||   529
  Dodge: Dodged            |    35 |    51 |    98 |   141 |   342 |   325 ||   992
  Block: Buckler           |    10 |    31 |    28 |   170 |   376 |   185 ||   800
         Reflection        |       |       |       |       |    38 |    23 ||    61
         Tower shield      |       |       |       |       |       |   289 ||   289

Table legend:
 A = Non-vault XP
 B = Vault XP
 C = Vault XP percentage of total XP
 D = Non-vault monster count
 E = Vault monster count
 F = Vault count percentage of total count
                 A         B        C        D         E       F
            +---------+---------+-------+---------+---------+-------
      Total |  151609 |   72978 |  32.5 |     599 |     261 |  30.3
            +---------+---------+-------+---------+---------+-------
        D:1 |      23 |       2 |   8.0 |      17 |       2 |  10.5
        D:2 |      46 |       0 |   0.0 |      23 |       0 |   0.0
        D:3 |      79 |       0 |   0.0 |      16 |       0 |   0.0
        D:4 |     354 |      25 |   6.6 |      22 |       4 |  15.4
        D:5 |     572 |     267 |  31.8 |      15 |       1 |   6.2
        D:6 |    1797 |     463 |  20.5 |      20 |       3 |  13.0
        D:7 |    1566 |    1349 |  46.3 |      30 |      14 |  31.8
        D:8 |    1561 |     264 |  14.5 |      31 |       1 |   3.1
        D:9 |    2031 |       0 |   0.0 |      20 |       0 |   0.0
       D:10 |    3817 |     637 |  14.3 |      15 |      10 |  40.0
       D:11 |    4083 |    3652 |  47.2 |      13 |       8 |  38.1
       D:12 |    8938 |       0 |   0.0 |      22 |       0 |   0.0
       D:13 |   11380 |   11879 |  51.1 |      25 |      37 |  59.7
       D:14 |    5822 |   13607 |  70.0 |      11 |      34 |  75.6
       D:15 |    6943 |    1106 |  13.7 |      12 |       1 |   7.7
     Lair:1 |    4686 |     537 |  10.3 |      21 |       4 |  16.0
     Lair:2 |    3982 |    2238 |  36.0 |      18 |      14 |  43.8
     Lair:3 |    4501 |       0 |   0.0 |      22 |       0 |   0.0
     Lair:4 |    9817 |     910 |   8.5 |      22 |      14 |  38.9
     Lair:5 |    8857 |   10720 |  54.8 |      31 |      22 |  41.5
    Swamp:1 |    3770 |       0 |   0.0 |      11 |       0 |   0.0
    Swamp:2 |    9871 |       0 |   0.0 |      21 |       0 |   0.0
    Swamp:3 |    4604 |       0 |   0.0 |       6 |       0 |   0.0
    Snake:1 |    9799 |       0 |   0.0 |      18 |       0 |   0.0
    Snake:2 |   15117 |    4694 |  23.7 |      27 |      10 |  27.0
    Snake:3 |   21671 |    3668 |  14.5 |      39 |       6 |  13.3
      Orc:1 |    4757 |       0 |   0.0 |      45 |       0 |   0.0
      Orc:2 |    1165 |   16734 |  93.5 |      26 |      38 |  59.4
      Sewer |       0 |     226 | 100.0 |       0 |      38 | 100.0
            +---------+---------+-------+---------+---------+-------
